 Dungeon Crawl Stone Soup version 0.19.5 (webtiles) character file.

32521 Mesmaeker13 the Warrior (level 13, -25/165 HPs)
             Began as an Ogre Berserker on Apr 7, 2017.
             Was a High Priest of Trog.
             Annihilated by a tentacled starspawn (35 damage)
             ... on level 2 of the Abyss.
             The game lasted 00:43:42 (21897 turns).

Mesmaeker13 the Warrior (Ogre Berserker)           Turns: 21897, Time: 00:43:43

Health: -25/165    AC:  5    Str: 23    XL:     13   Next: 65%
Magic:  10/11      EV: 16    Int:  9    God:    Trog [*****.]
Gold:   782        SH:  0    Dex: 11    Spells: 0 memorised, 12 levels left

rFire  + . .     SeeInvis .     s - +1 giant club
rCold  + . .     Gourm    .     u - +2 robe
rNeg   . . .     Faith    .     (shield currently unavailable)
rPois  +         Spirit   .     x - +0 hat {Int+3}
rElec  .         Reflect  .     (no cloak)
rCorr  .         Harm     .     (gloves unavailable)
MR     ++...                    (boots unavailable)
Stlth  +.........               (no amulet)
                                v - ring of protection from cold
                                U - ring "Tovicoss" {*Contam rPois rF+ MR+}

@: no status effects
A: unfitting armour, blurry vision 3, low mp 1, tough skin 1, weak 2
a: Berserk, Trog's Hand, Brothers in Arms, Burn Spellbooks, Renounce Religion


You were on level 2 of the Abyss.
You worshipped Trog.
Trog was extremely pleased with you.
You were not hungry.

You visited 2 branches of the dungeon, and saw 14 of its levels.
You visited the Abyss 1 time.
You also visited: Sewer and Bailey.

You collected 1016 gold pieces.
You spent 234 gold pieces at shops.

Inventory:

Hand Weapons
 s - a +1 giant club (weapon)
 C - a +2 triple sword of slicing
 D - the +5 morningstar of Judgement {drain, Str+2 Stlth+, unknown}
   (You found it on level 2 of the Abyss)

   A truly terrible weapon, it drains the life of those it strikes.
   It affects your strength (+2).
   It makes you more stealthy.
 P - a +0 giant spiked club
Missiles
 S - 4 large rocks (quivered)
Armour
 u - a +2 robe (worn)
 x - a +0 hat of intelligence (worn)
 K - a +1 troll leather armour
 Q - a +2 robe of fire resistance
Jewellery
 v - a ring of protection from cold (right hand)
 F - an uncursed ring of magical power {unknown}
 U - the ring "Tovicoss" (left hand) {*Contam rPois rF+ MR+}
   (You took it off a wizard on level 11 of the Dungeon)

   [ring of poison resistance]

   It protects you from fire.
   It protects you from poison.
   It affects your resistance to hostile enchantments.
   It causes magical contamination when unequipped.
 Y - an uncursed ring of protection from fire {unknown}
Wands
 w - a wand of polymorph (14/24)
 O - a wand of teleportation (2/9)
Scrolls
 b - 2 scrolls of identify
 e - 6 scrolls of enchant weapon
 g - 3 scrolls of enchant armour
 i - 3 scrolls of teleportation
 l - 9 scrolls of remove curse
 n - 7 scrolls of fear
 o - 3 scrolls of recharging
 q - 4 scrolls of magic mapping
 t - a scroll of silence {unknown}
 y - 4 scrolls of amnesia {unknown}
 H - a scroll of acquirement {unknown}
 J - a scroll of blinking {unknown}
 R - a scroll of immolation {unknown}
Potions
 a - 6 potions of degeneration {unknown}
 f - 2 potions of brilliance
 j - 10 potions of curing
 k - a potion of lignification {unknown}
 m - a potion of cancellation
 p - 2 potions of cure mutation
 r - 4 potions of haste
 z - 2 potions of resistance {unknown}
 A - 5 potions of heal wounds {unknown}
 E - a potion of invisibility {unknown}
 G - 3 potions of magic {unknown}
 L - a potion of agility {unknown}
 T - 3 potions of flight {unknown}
 X - 2 potions of mutation {unknown}
Books
 W - the Volume of Conjuration and Calling
   (You found it on level 11 of the Dungeon)

   Spells                             Type                      Level
   a - Throw Flame                    Conjuration/Fire             2
   b - Call Canine Familiar           Summoning                    3
   c - Venom Bolt                     Conjuration/Poison           5
   d - Iskenderun's Battlesphere      Conjuration/Charms           5
   e - Summon Demon                   Summoning                    5
   Trog disapproves of the use of such an item.
Comestibles
 c - 8 bread rations
 h - 2 beef jerkies
 B - 2 fruits
 M - 5 meat rations


   Skills:
 + Level 19.7 Fighting
 + Level 16.8 Maces & Flails
 + Level 12.4 Dodging


You had 12 spell levels left.
You didn't know any spells.

Dungeon Overview and Level Annotations

Branches:
Dungeon (11/15)            Temple (0/1) D:7            Lair (3/6) D:11
 Shoals (0/4) Lair:2          Orc (0/2) D:9
  Snake: Lair:2-4    Spider: Lair:2-4

Altars:
Ashenzari
Fedhas
Gozag
Hepliaklqana
Makhleb
Sif Muna
Trog
Uskayaw
Vehumet
Xom

Shops:
D:6 (   D:7 *

Annotations:
D:5 exclusion: oklob plant


Innate Abilities, Weirdness & Mutations

You are too large for most types of armour.
You have tough skin. (AC +1)
[Scrolls take you much longer to read.]
[Your magical capacity is low. (-10% MP)]
[You are very weak. (Str -4)]


Message History

You destroy the tentacled starspawn!
Trog accepts your kill.
The starspawn's tentacles wither and die.
You feel the corruption within you wane somewhat.
You feel more energetic.
You have finished your manual of Fighting and toss it away.
Tentacles burst from the starspawn's body!
The raiju closely misses you. 2 starspawn tentacles come into view.
The raiju barely misses you.
The starspawn tentacle completely misses you.
An efreet comes into view. It is wielding a scimitar of flaming.
Unknown command.
Unknown command.
You flatten the tentacled starspawn like a pancake!!!
The tentacled starspawn is heavily damaged.
You bludgeon the tentacled starspawn!!
The tentacled starspawn is almost destroyed.
The tentacled starspawn bites you!!
You die...

. # .. #.#.... ..#.
.... #.... .. ..#
.#...#.#.
....#..#... #... #.
#
.#.##.#..#.ยง..##.#
.... ..#.# .#R. ..
##. ##....##.w.#.#
.. .#..*.wX#..#
#......#@#.#
..*......h...#
#..#..####.#.# .
.........#.# ##.
.#...# # #..#...###
..####. #. ..


You could see a tentacled starspawn, a wretched star, an efreet, a raiju and 2
starspawn tentacles.

Vanquished Creatures
  Rupert (Lair:3)
  Gastronok (Lair:3)
  2 tentacled starspawn (Abyss:2)
  Josephine (D:10)
  The ghost of Azzok the Cleaver, a journeyman MiFi of Okawaru (Bailey)
  A sea snake (Lair:2)
  5 wizards (D:11)
  Pikel (D:5)
  5 hill giants (D:10)
  An orc knight (Bailey)
  A deep elf mage (D:9)
  An ugly thing (D:10)
  A cyclops (D:11)
  A komodo dragon (Lair:1)
  8 spiny frogs
  A rime drake (Lair:2)
  4 trolls
  A hornet (D:8)
  A snapping turtle (Lair:2)
  Grinder (D:5)
  2 hippogriffs (D:9)
  A vampire (D:10)
  A shadow (D:11)
  5 wraiths
  A wyvern (Lair:1)
  A basilisk (Lair:3)
  20 yaks
  A hungry ghost (D:11)
  A steam dragon (D:11)
  4 water moccasins
  5 porcupines
  A hell hound (Bailey)
  4 ice beasts
  A swamp drake (Bailey)
  A black bear (D:9)
  An eye of draining (D:10)
  A sky beast (D:6)
  14 orc warriors
  5 phantoms
  3 boggarts (D:11)
  7 ogres
  3 centaurs
  4 crocodiles
  4 big kobolds
  4 bullfrogs
  A wyvern skeleton (D:11)
  6 scorpions
  7 wights
  3 howler monkeys
  3 crimson imps
  2 centaur zombies (D:11)
  A jelly (D:10)
  7 hounds
  2 bullfrog zombies (D:5)
  2 centaur skeletons
  A gnoll shaman (D:4)
  3 orc priests
  12 orc wizards
  A bullfrog skeleton (D:5)
  8 worker ants
  2 iguanas
  A killer bee zombie (D:10)
  A hound skeleton (D:7)
  A howler monkey zombie (D:9)
  4 gnolls (D:4)
  A howler monkey skeleton (D:10)
  2 river rats (D:6)
  18 adders
  A shadow imp (D:11)
  2 oozes
  An adder zombie (D:7)
  An adder skeleton (D:6)
  5 worms
  3 dart slugs
  5 leopard geckos
  55 orcs
  7 ball pythons
  6 bats
  8 giant cockroaches
  11 goblins
  10 hobgoblins
  16 jackals
  21 kobolds
  3 quokkas
  A ball python zombie (D:5)
  7 frilled lizards
  A leopard gecko zombie (D:5)
  3 quokka skeletons
  11 rats
401 creatures vanquished.

Vanquished Creatures (others)
  2 worker ants (D:6)
  A river rat (D:6)
  A ball python (D:6)
  A giant cockroach (D:6)
  A rat (D:6)
  6 starspawn tentacles (Abyss:2)
12 creatures vanquished.

Grand Total: 413 creatures vanquished

Notes
Turn   | Place    | Note
-------+----------+-------------------------------------------
     0 | D:1      | Mesmaeker13 the Ogre Berserker began the quest for the Orb.
     0 | D:1      | Reached XP level 1. HP: 24/24 MP: 1/1
   272 | D:1      | Reached XP level 2. HP: 32/32 MP: 2/2
   851 | D:2      | Reached XP level 3. HP: 33/40 MP: 3/3
  1144 | D:2      | Found a bloodstained altar of Trog.
  1284 | D:2      | Reached skill level 5 in Maces & Flails
  1284 | D:2      | Reached XP level 4. HP: 41/49 MP: 4/4
  1335 | D:2      | Reached ** piety under Trog
  2597 | D:3      | Reached skill level 5 in Fighting
  2609 | D:3      | Reached XP level 5. HP: 51/57 MP: 5/5
  2783 | D:4      | Reached *** piety under Trog
  2783 | D:4      | Reached XP level 6. HP: 59/66 MP: 6/6
  3442 | D:4      | Found a burning altar of Makhleb.
  3442 | D:4      | Found a faded altar of an unknown god.
  3447 | D:4      | Found a faded altar of an unknown god.
  3449 | D:4      | Found a hazy altar of Hepliaklqana.
  3451 | D:4      | Found a faded altar of an unknown god.
  3634 | D:4      | Reached skill level 6 in Fighting
  4183 | D:4      | Reached XP level 7. HP: 76/76 MP: 7/7
  4892 | D:4      | Found a shattered altar of Ashenzari.
  4924 | D:4      | Reached skill level 7 in Fighting
  4924 | D:4      | Reached skill level 5 in Dodging
  5089 | D:5      | Entered Level 5 of the Dungeon
  5125 | D:5      | Noticed Grinder
  5135 | D:5      | Killed Grinder
  5135 | D:5      | Reached XP level 8. HP: 88/88 MP: 8/8
  5768 | D:5      | Found a hide-covered altar of Uskayaw.
  5768 | D:5      | Noticed a hand axe
  5768 | D:5      | Noticed a dagger
  5780 | D:5      | Reached skill level 8 in Fighting
  6409 | D:5      | Found a blossoming altar of Fedhas.
  6419 | D:5      | Noticed an oklob plant
  6599 | D:5      | Reached **** piety under Trog
  7169 | D:6      | Noticed Pikel
  7188 | D:5      | Killed Pikel
  7188 | D:5      | Reached skill level 9 in Fighting
  7188 | D:5      | Reached XP level 9. HP: 29/100 MP: 9/9
  7239 | D:6      | Found Vyobbevve's Antique Weapon Shoppe.
  7394 | D:6      | Reached skill level 10 in Maces & Flails
  7435 | D:6      | Found a radiant altar of Vehumet.
  7730 | D:6      | Found a glowing drain.
  7740 | Sewer    | Entered a sewer
  8212 | D:6      | Found an opulent altar of Gozag.
  8279 | D:7      | Found a staircase to the Ecumenical Temple.
  8325 | D:7      | Found a flagged portal.
  8415 | Bailey   | Entered a bailey
  8827 | Bailey   | Noticed Azzok's ghost (journeyman MiFi)
  8840 | Bailey   | Killed Azzok's ghost
  8840 | Bailey   | Reached skill level 10 in Fighting
  9318 | Bailey   | Reached XP level 10. HP: 19/111 MP: 10/10
 10390 | Bailey   | Reached skill level 11 in Fighting
 11741 | Bailey   | Noticed an orc knight
 11952 | Bailey   | Killed an orc knight
 12092 | Bailey   | Got an ebony executioner's axe
 12093 | Bailey   | Identified the cursed +0 executioner's axe of Crusades {antimagic, *Noise rPois rC- MR+++ Stlth+} (You found it in a bailey)
 12181 | D:7      | Found Bynicym's Assorted Antiques.
 12187 | D:7      | Bought a runed robe for 234 gold pieces
 12608 | D:7      | Found a deep blue altar of Sif Muna.
 12847 | D:8      | Reached skill level 12 in Fighting
 13714 | D:9      | Found a shimmering altar of Xom.
 13848 | D:9      | Found a staircase to the Orcish Mines.
 13850 | D:9      | Noticed a deep elf mage
 13874 | D:9      | Killed a deep elf mage
 13874 | D:9      | Reached skill level 13 in Fighting
 13874 | D:9      | Reached XP level 11. HP: 66/127 MP: 11/11
 14498 | D:10     | Entered Level 10 of the Dungeon
 14498 | D:10     | Noticed Josephine
 14897 | D:10     | Noticed a cyan ugly thing
 14920 | D:10     | HP: 2/192 [cyan ugly thing (12)]
 14922 | D:10     | Killed a cyan ugly thing
 14922 | D:10     | Reached skill level 14 in Fighting
 15473 | D:10     | Noticed a hill giant
 15491 | D:10     | Killed a hill giant
 15559 | D:10     | Noticed a hill giant
 15577 | D:10     | Killed a hill giant
 16030 | D:10     | Reached skill level 10 in Dodging
 16082 | D:10     | Reached skill level 15 in Fighting
 16096 | D:10     | Reached ***** piety under Trog
 16148 | D:10     | Killed Josephine
 16251 | D:10     | Noticed a hill giant
 16267 | D:10     | Killed a hill giant
 16267 | D:10     | Reached skill level 16 in Fighting
 16267 | D:10     | Reached XP level 12. HP: 59/144 MP: 12/12
 17972 | D:11     | Reached skill level 17 in Fighting
 18287 | D:11     | Reached skill level 15 in Maces & Flails
 18289 | D:11     | Got a vibrating bone ring
 18321 | D:11     | Found a staircase to the Lair.
 18513 | D:11     | Identified the ring "Tovicoss" {*Contam rPois rF+ MR+} (You took it off a wizard on level 11 of the Dungeon)
 18655 | D:11     | Identified the Volume of Conjuration and Calling
 18855 | Lair:1   | Entered Level 1 of the Lair of Beasts
 18931 | Lair:1   | Reached skill level 18 in Fighting
 19613 | Lair:1   | Reached XP level 13. HP: 159/159 MP: 13/13
 20520 | Lair:2   | Found a staircase to the Shoals.
 21151 | Lair:3   | Noticed Rupert
 21183 | Lair:3   | Killed Rupert
 21183 | Lair:3   | Reached skill level 19 in Fighting
 21479 | Lair:3   | Noticed Gastronok
 21680 | Lair:3   | Killed Gastronok
 21681 | Lair:3   | Received a gift from Trog
 21688 | Lair:3   | Got an ivory dire flail {god gift}
 21704 | Lair:3   | Identified the +3 dire flail of Premature Burial {distort, *Noise +Rage Int-3 Stlth+} (Trog gifted it to you on level 3 of the Lair of Beasts)
 21711 | Lair:3   | Cast into level 2 of the Abyss (a distortion unwield)
 21754 | Abyss:2  | Got a transparent morningstar
 21768 | Abyss:2  | Noticed a tentacled starspawn
 21772 | Abyss:2  | Killed a tentacled starspawn
 21875 | Abyss:2  | Noticed a tentacled starspawn
 21883 | Abyss:2  | Noticed a tentacled starspawn
 21891 | Abyss:2  | HP: 8/163 [tentacled starspawn (15)]
 21893 | Abyss:2  | Killed a tentacled starspawn
 21897 | Abyss:2  | Annihilated by a tentacled starspawn

Skill      XL: |  1  2  3  4  5  6  7  8  9 10 11 12 13 |
---------------+----------------------------------------+-----
Dodging        | 3 4 5 6 7 9 10 11 12 | 12.4
Maces & Flails | 5 6 8 9 11 12 14 15 16 | 16.8
Fighting       | 5 6 7 9 10 13 16 18 19 | 19.7

Action                   |  1- 3 |  4- 6 |  7- 9 | 10-12 | 13-15 || total
-------------------------+-------+-------+-------+-------+-------++-------
Melee: Mace              |    98 |   221 |    95 |       |       ||   414
       Flail             |       |       |   272 |    95 |       ||   367
       Giant club        |       |       |    12 |   543 |   101 ||   656
Throw: Large rock        |       |       |       |     1 |       ||     1
Invok: Berserk           |     1 |     7 |     6 |    10 |     3 ||    27
       Trog's Hand       |       |     3 |     4 |    10 |     2 ||    19
       Burn Spellbooks   |       |       |       |     2 |     1 ||     3
Evoke: Wand              |       |       |     3 |    15 |       ||    18
  Use: Scroll            |       |     4 |     5 |     6 |     2 ||    17
       Potion            |       |       |     1 |       |       ||     1
 Stab: Sleeping          |       |       |     1 |       |       ||     1
       Confused          |       |       |       |     2 |       ||     2
       Paralysed         |       |       |       |     5 |       ||     5
  Eat: Chunk             |     2 |    16 |    20 |    34 |     7 ||    79
       Bread ration      |       |       |     1 |     1 |       ||     2
       Meat ration       |       |       |       |     1 |       ||     1
       Beef jerky        |       |       |       |     1 |       ||     1
       Fruit             |       |       |       |     1 |     3 ||     4
       Pizza             |       |       |       |       |     1 ||     1
Armor: Animal skin       |    34 |    50 |    60 |     3 |       ||   147
       Robe              |       |       |       |    89 |     7 ||    96
Dodge: Dodged            |    52 |   130 |   200 |   388 |    57 ||   827
